 Dungeon Crawl Stone Soup version 0.28.0-43-g3370ac3207 (webtiles) character file.

Game seed: 17328672003446349453

832 weregamer the Changer (level 7, -6/32 HPs)
             Began as a Felid Transmuter on Mar 28, 2022.
             Was an Initiate of Dithmenos.
             Shot with an arrow by a centaur (17 damage)
             ... on level 8 of the Dungeon.
             The game lasted 01:06:34 (6120 turns).

weregamer the Changer (Felid Transmuter)            Turns: 6120, Time: 01:06:39

Health: -6/32      AC:  2    Str:  8    XL:     7   Next: 65%
Magic:  19/22      EV: 19    Int: 14    God:    Dithmenos [......]
Gold:   1352       SH:  0    Dex: 17    Spells: 3/13 levels left
                                        Lives:  0   Deaths: 2

rFire   . . .      SeeInvis +     - Unarmed
rCold   . . .      Faith    .   (shield unavailable)
rNeg    . . .      Spirit   .   (armour unavailable)
rPois   .          Reflect  .   (helmet unavailable)
rElec   .          Harm     .   (cloak unavailable)
rCorr   .          Rampage  .   (gloves unavailable)
Will    ++...                   (boots unavailable)
Stlth   +++.......              h - amulet of regeneration
HPRegen 0.90/turn               A - ring of magical power
MPRegen 0.18/turn               p - ring of willpower

@: appendages, very slightly contaminated, quick
A: horns 2, very small, claws 1, fangs 3, see invisible, speed 1, shaggy fur 2,
stealthy paws, no weapons or thrown items, no armour, multi-lived
a: End Transformation, Renounce Religion


You were on level 8 of the Dungeon.
You worshipped Dithmenos.
Dithmenos was noncommittal.
You had temporarily grown beastly horns.
You visited 1 branch of the dungeon, and saw 8 of its levels.

You collected 1352 gold pieces.

Inventory:

Armour
 e - a +0 robe
 i - a +0 cloak
 w - a +0 pair of gloves
Jewellery
 h - an amulet of regeneration (around neck)
 o - a ring of protection from cold
 p - a ring of willpower (right paw)
 r - an amulet of regeneration
 A - a ring of magical power (left paw)
 B - a ring of magical power
Wands
 l - a wand of paralysis (8)
 v - a wand of flame (3)
 y - a wand of mindburst (18)
Scrolls
 b - a scroll of blinking
 c - 2 scrolls of vulnerability
 d - 3 scrolls of teleportation
 g - 2 scrolls of noise
 j - 2 scrolls of amnesia {unknown}
 k - a scroll of fear {unknown}
 u - a scroll of magic mapping {unknown}
 x - a scroll of enchant weapon {unknown}
Potions
 a - 2 potions of curing {unknown}
 f - a potion of ambrosia {unknown}
 m - 2 potions of attraction
 n - 2 potions of degeneration {unknown}
 q - 2 potions of mutation {unknown}
 s - a potion of lignification {unknown}
 t - a potion of brilliance {unknown}
 z - a potion of invisibility {unknown}


   Skills:
 * Level 4.1 Fighting
 + Level 4.5 Dodging
 * Level 6.0 Stealth
 + Level 5.6 Unarmed Combat
 - Level 3.9 Spellcasting
 * Level 6.9 Transmutations
 - Level 3.1 Invocations


You had 3 spell levels left.
You knew the following spells:

 Your Spells              Type           Power      Damage    Failure   Level
a - Beastly Appendage     Tmut           44%        N/A       1%          1
b - Wereblood             Tmut           22%        N/A       1%          2
c - Spider Form           Tmut/Pois      12%        N/A       14%         3
d - Ice Form              Ice/Tmut       12%        N/A       43%         4

Your spell library contained the following spells:

 Spells                   Type           Power      Damage    Failure   Level
 Ensorcelled Hibernation  Hex/Ice        4%         N/A       30%         2
 Confusing Touch          Hex            2%         N/A       52%         3
 Frozen Ramparts          Ice            4%         1d2       52%         3
 Tukima's Dance           Hex            2%         N/A       52%         3
 Yara's Violent Unravell  Hex/Tmut       6%         3d5       78%         5
 Anguish                  Hex/Necr       1%         N/A       89%         4
 Passage of Golubria      Tloc           2%         N/A       89%         4
 Summon Ice Beast         Ice/Summ       2%         N/A       89%         4
 Enfeeble                 Hex            1%         N/A       100%        7


Dungeon Overview and Level Annotations

Branches:
Dungeon (8/15)             Temple (0/1) D:7
   Lair: D:8-11

Altars:
Ashenzari
Dithmenos
Elyvilon
Makhleb
Nemelex Xobeh
Okawaru
Ru
Uskayaw
Yredelemnul
The Shining One

Shops:
D:5 [

Annotations:
D:3 Blork the orc


Innate Abilities, Weirdness & Mutations

You have temporarily grown beastly horns.
You have sharp claws.
You have razor-sharp teeth.
You have supernaturally acute eyesight. (SInv)
You cover ground quickly. (Speed+)
You are covered in thick fur. (AC +2)
Your paws help you pounce on unaware monsters.
You are incapable of wielding weapons or throwing items.
You cannot wear armour.
You gain extra lives every three experience levels.


Message History

a +0 spear; a gnoll skeleton Your transformation is almost over.
Found a ring of magical power.
You howl as the wereblood boils in your veins!
Your primal bloodlust is almost over.
B - a ring of magical power There's nothing to open nearby.
There's nothing to open nearby.
There's nothing to open nearby.
There's nothing to open nearby.
There's nothing to open nearby.
There's nothing to open nearby.
Your horns disappear.
You howl as the wereblood boils in your veins!
Your primal bloodlust has ended.
Items here: (( ))))) รทรทรท.
There is an open door here.
You open the door.
There is an open door here.
The ufetubus shouts!
You now have 1352 gold pieces (gained 14).
Found a stone staircase leading up.
There is a stone staircase leading up here.
You open the door.
Found a stone staircase leading down.
A centaur comes into view.
The centaur shouts!
The centaur wields a +0 shortbow.
The centaur shoots an arrow.
The arrow hits you!
Casting: Wereblood (safe; 1% risk of failure)
Confirm with . or Enter, or press ? or * to list all spells.
You grow a pair of large bovine horns.
Casting: Beastly Appendage (safe; 1% risk of failure)
Confirm with . or Enter, or press ? or * to list all spells.
You miscast Wereblood.
You are very lightly contaminated with residual magic.
Nothing appears to happen.
The centaur shoots an arrow.
The arrow hits you!
The centaur shoots an arrow.
The arrow hits you!
Ouch! That really hurt!
You die...

### ############.##
##........##...## #
#.@...###.#.....# #
#..##.###.##...####
#..##............<.
#.c######.###.#####
#... ...# #.# #.##
..#### #'# #. ...
... ## ## #. >....
#. . .......#.


You could see a centaur.

Vanquished Creatures
  Duvessa (D:4)
  An orc warrior (D:8)
  An ice beast (D:6)
  2 necrophages
  A sky beast (D:7)
  A centaur (D:8)
  An ogre (D:4)
  A kobold brigand (D:8)
  A bullfrog (D:8)
  Dowan (D:4)
  2 jellies
  An orc priest (D:8)
  2 gnoll shamans
  A hound (D:6)
  A bullfrog skeleton (D:4)
  A centaur skeleton (D:5)
  Jessica (D:2)
  2 iguanas
  3 orc wizards
  Ijyb (D:3)
  Natasha (thrice) (D:3)
  Robin (D:3)
  21 gnolls
  4 adders
  2 worms
  3 dart slugs
  15 orcs
  9 bats
  6 endoplasms
  3 giant cockroaches
  17 goblins
  11 hobgoblins
  7 kobolds
  4 quokkas
  4 ball pythons
  2 frilled lizards
  9 rats
147 creatures vanquished.

Notes
Turn   | Place    | Note
-------+----------+-------------------------------------------
     0 | D:1      | weregamer the Felid Transmuter began the quest for the Orb.
     0 | D:1      | Reached XP level 1. HP: 9/9 MP: 4/4
   268 | D:1      | Reached XP level 2. HP: 12/12 MP: 4/6
   329 | D:1      | Reached skill level 1 in Stealth
   614 | D:1      | Learned a level 2 spell: Wereblood
  1205 | D:2      | Reached XP level 3. HP: 10/15 MP: 3/7
  1373 | D:2      | Found a hide-covered altar of Uskayaw.
  1381 | D:2      | Became a worshipper of Uskayaw the Reveller
  1403 | D:2      | Reached * piety under Uskayaw
  1481 | D:2      | Learned a level 3 spell: Spider Form
  1551 | D:2      | Reached ** piety under Uskayaw
  2126 | D:2      | Noticed Jessica
  2134 | D:2      | Killed Jessica
  2135 | D:2      | Reached XP level 4. HP: 12/19 MP: 4/8
  2340 | D:3      | You fall into a shaft and drop 3 floors!
  2387 | D:5      | Entered Level 5 of the Dungeon
  2387 | D:5      | Found Watiulipp's Armour Shoppe.
  2406 | D:5      | Noticed Blork the orc
  2409 | D:4      | Noticed an ogre
  2415 | D:3      | Noticed Robin
  2435 | D:3      | Reached *** piety under Uskayaw
  2436 | D:3      | Killed Robin
  2438 | D:3      | Reached XP level 5. HP: 22/22 MP: 6/9
  2439 | D:3      | Reached **** piety under Uskayaw
  2448 | D:3      | Found an iron altar of Okawaru.
  2484 | D:3      | Noticed Ijyb
  2497 | D:3      | Paralysed by Ijyb for 2 turns
  2501 | D:3      | Killed Ijyb
  2622 | D:3      | Noticed Natasha
  2625 | D:3      | Found a faded altar of an unknown god.
  2630 | D:3      | Identified 3 scrolls of acquirement
  2631 | D:3      | Acquired a ring of protection from cold
  2634 | D:3      | Acquired a ring of willpower
  2637 | D:3      | Acquired 1089 gold pieces
  2676 | D:3      | Killed Natasha
  2677 | D:3      | Reached skill level 1 in Invocations
  2881 | D:3      | Noticed Natasha
  2891 | D:3      | Killed Natasha
  2942 | D:3      | Found a broken altar of Ashenzari.
  3209 | D:4      | Killed an ogre
  3210 | D:4      | Gained mutation: You are covered in thick fur. (AC +2)
                  | [Felid growth]
  3210 | D:4      | Reached XP level 6. HP: 27/27 MP: 9/11
  3291 | D:4      | Noticed Duvessa
  3296 | D:4      | Noticed Dowan
  3313 | D:4      | Killed Duvessa
  3323 | D:4      | Killed Dowan
  3324 | D:4      | Reached XP level 7. HP: 13/30 MP: 1/12
  3552 | D:4      | Identified the +3 leather armour of Honesty {*Corrode +Inv
                  | rPois Int+2}
  3620 | D:4      | Found a sparkling altar of Nemelex Xobeh.
  3633 | D:4      | Reached skill level 5 in Transmutations
  4167 | D:3      | Noticed Natasha
  4172 | D:3      | Killed Natasha
  4427 | D:3      | Killed from afar by Blork the orc
  4428 | D:3      | Reached XP level 6. HP: -4/28 MP: 9/12
  4521 | D:5      | Reached XP level 7. HP: 20/31 MP: 8/13
  4855 | D:5      | Found a burning altar of Makhleb.
  4951 | D:5      | Found a sacrificial altar of Ru.
  5181 | D:6      | Reached skill level 5 in Stealth
  5186 | D:6      | Learned a level 4 spell: Ice Form
  5549 | D:7      | Found a staircase to the Ecumenical Temple.
  5618 | D:7      | Found a white marble altar of Elyvilon.
  5618 | D:7      | Found a glowing golden altar of the Shining One.
  5658 | D:7      | Noticed a wraith
  5690 | D:8      | Found a shadowy altar of Dithmenos.
  5691 | D:8      | Found a basalt altar of Yredelemnul.
  5700 | D:8      | Fell from the grace of Uskayaw
  5700 | D:8      | Became a worshipper of Dithmenos the Shadowed
  5722 | D:8      | Reached skill level 5 in Unarmed Combat
  5778 | D:8      | Reached XP level 8. HP: 36/36 MP: 14/14
  5808 | D:8      | Paralysed by the fury of Uskayaw for 4 turns
  5815 | D:8      | Shot with an arrow by a centaur
  5816 | D:8      | Reached XP level 7. HP: -1/31 MP: 21/22
  5971 | D:8      | Noticed an ice devil
  5972 | D:8      | Noticed an ice devil
  5972 | D:8      | Noticed an ice devil
  6075 | D:8      | Noticed an ice devil
  6077 | D:8      | Noticed an ice devil
  6120 | D:8      | Shot with an arrow by a centaur

Illustrated notes

Levels and vault maps discovered:
D:1:      saegor_arrival_simple_b, layout_basic, minmay_misc_feat_alley
D:2:      layout_loops_ring, basic_altar, uniq_jessica
D:3:      layout_basic, ashenzari_altar_1, okawaru_metal_pillars_1_2,
          ebering_ecumenical_altar_rust, minmay_distorted, uniq_ijyb,
          uniq_robin, uniq_natasha
D:4:      layout_loops_cross, nemelex_xobeh_ov_fountains_minmay,
          kennysheep_pointless_box, uniq_duvessa
D:5:      layout_cave_pools, nicolae_overflow_squiral, serial_shops, shop,
          uniq_blork_the_orc
D:6:      layout_rooms, nicolae_overflow_hidden_temple
D:7:      layout_basic, nzn_wu_jian_contemplation, grunt_temple_overflow_open,
          minmay_temple_entry_hall, gammafunk_ghost_smash, uniq_pikel
D:8:      cheibrodos_frozen_isle, layout_loops_corners,
          chequers_temple_overflow_statue_of_worship, minmay_diced_spiral

Skill      XL: |  1  2  3  4  5  6  7 |
---------------+----------------------+-----
Stealth        | 1 2 3 6 |  6.0
Dodging        | 3 4 |  4.5
Transmutations | 3 4 6 |  6.9
Fighting       | 2 4 |  4.1
Invocations    | 1 2 3 |  3.1
Unarmed Combat | 4 5 |  5.6
Spellcasting   | 3 |  3.9

Action                   |  1- 3 |  4- 6 |  7- 9 || total
-------------------------+-------+-------+-------++-------
Melee: Unarmed           |    92 |   130 |   240 ||   462
       Bite              |     9 |    14 |    34 ||    57
       Headbutt          |    18 |    27 |    48 ||    93
       Punch             |     2 |     3 |    15 ||    20
 Cast: Beastly Appendage |    27 |    22 |    29 ||    78
       Wereblood         |    15 |    17 |    24 ||    56
Invok: Stomp             |     1 |     5 |     9 ||    15
  Use: Scroll            |     3 |     5 |     2 ||    10
       Potion            |       |     1 |     2 ||     3
 Stab: Sleeping          |     3 |     2 |     2 ||     7
       Distracted        |     1 |       |       ||     1
       Paralysed         |       |     2 |     2 ||     4
Armor: Skin              |     4 |     7 |     9 ||    20
Dodge: Dodged            |    70 |   106 |   203 ||   379
